 Dungeon Crawl Stone Soup version 0.25-a0-346-g140ab784a8 (webtiles) character file.

Game seed: 18228449840024343703, levelgen mode: deterministic

305 BritishOli the Slasher (level 6, -3/47 HPs)
             Began as a Demonspawn Gladiator on Jan 1, 2020.
             Slain by an ogre
             ... wielding a +0 giant spiked club
              (15 damage)
             ... on level 4 of the Dungeon.
             The game lasted 00:08:43 (4873 turns).

BritishOli the Slasher (Demonspawn Gladiator)       Turns: 4873, Time: 00:08:44

Health: -3/47      AC:  6    Str: 16    XL:     6   Next: 16%
Magic:  6/6        EV: 13    Int: 13    God:
Gold:   270        SH:  0    Dex: 15    Spells: 5/5 levels left

rFire    + . .     SeeInvis .   a - +0 long sword
rCold    . . .     Gourm    .   (no shield)
rNeg     + . .     Faith    .   p - +0 scale mail
rPois    .         Spirit   .   (helmet restricted)
rElec    +         Reflect  .   (no cloak)
rCorr    .         Harm     +   (no gloves)
MR       .....                  (no boots)
Stlth    ..........             i - amulet "Depac" {Harm *Drain rElec rF+ rN+}
HPRegen  0.15/turn              q - +4 ring of intelligence
MPRegen  0.10/turn              (no ring)

@: no status effects
A: antennae 2, repulsion field 1, spiny 1
a: no special abilities


You were on level 4 of the Dungeon.
You were very hungry.

You visited 2 branches of the dungeon, and saw 5 of its levels.
You also visited: Sewer.

You collected 270 gold pieces.

Inventory:

Hand Weapons
 a - a +0 long sword (weapon)
 m - a +2 short sword of venom
Missiles
 d - 3 throwing nets (quivered)
Armour
 b - a +0 leather armour
 c - a +0 helmet
 p - a +0 scale mail (worn)
Jewellery
 e - a cursed amulet of inaccuracy {unknown}
 i - the amulet "Depac" (around neck) {Harm *Drain rElec rF+ rN+}
   (You found it on level 1 of the Dungeon)

   [amulet of harm]

   It increases damage dealt and taken.
   It protects you from fire.
   It insulates you from electricity.
   It protects you from negative energy.
   It causes draining when unequipped.
 q - a +4 ring of intelligence (left hand)
Wands
 o - a wand of flame (7)
 u - a wand of scattershot (4)
 x - a wand of clouds (6)
Scrolls
 g - 2 scrolls of teleportation
 s - 2 scrolls of amnesia {unknown}
 v - a scroll of fear {unknown}
 w - a scroll of magic mapping
Potions
 h - 9 potions of flight {unknown}
 j - a potion of resistance {unknown}
 k - 3 potions of degeneration {unknown}
 l - 2 potions of heal wounds {unknown}
 n - 2 potions of ambrosia {unknown}
 r - a potion of berserk rage {unknown}
 t - a potion of curing {unknown}
Comestibles
 f - 4 rations


   Skills:
 + Level 3.5 Fighting
 * Level 4.6 Long Blades
 - Level 2.4 Throwing
 + Level 1.8 Armour
 - Level 3.2 Dodging


You had 5 spell levels left.
You didn't know any spells.
Your spell library contained the following spells:

 Spells                   Type           Power        Failure   Level  Hunger
 Magic Dart               Conj           #...         75%         1    ##.....
 Blink                    Tloc           N/A          86%         2    ###....
 Call Imp                 Summ           #.......     86%         2    ###....
 Slow                     Hex            #.......     86%         2    ###....
 Conjure Flame            Conj/Fire      #.......     98%         3    ####...
 Mephitic Cloud           Conj/Pois/Air  #.......     98%         3    ####...


Dungeon Overview and Level Annotations

Branches:
Dungeon (4/15)             Temple (1/1) D:4           Sewer (visited)

Altars:
Cheibriados
Elyvilon
Fedhas
Gozag
Makhleb
Ru
Sif Muna
Trog
Vehumet
Wu Jian
Zin
The Shining One


Innate Abilities, Weirdness & Mutations

You have a pair of antennae on your head.
You are surrounded by a mild repulsion field. (EV +2)
You are partially covered in sharp spines.


Message History

You hit the ogre.
The ogre is lightly wounded.
The ogre is struck by your spines. The ogre closely misses you.
You hit the ogre.
The ogre is moderately wounded.
You hit the ogre but do no damage.
The ogre is moderately wounded.
The ogre misses you.
You hit the ogre.
The ogre is heavily wounded.
The ogre is struck by your spines.
The ogre hits you with a +0 giant spiked club!
* * * LOW HITPOINT WARNING * * *
You are too injured to fight recklessly!
You are too injured to fight recklessly!
You are too injured to fight recklessly!
You hit the ogre.
The ogre is almost dead.
The ogre hits you with a +0 giant spiked club!
You die...

### ..# #.# # #.# #.
####.#############
####.##................#
...)..#.##.####.###.##.#
#...%.....# #.# #.##.#
#....O@...# #.###.##.#
#.........# #.##..##.#
....#>..#.## #.##.###.#
### ###.#.# #.##.# #.#
#.#.# #.##.###.#
.###+#.# #........#
.......# ####.#####
##.....## ##.#
##)......## ##..#


You could see an ogre.

Vanquished Creatures
  An ogre (D:4)
  Robin (D:1)
  3 adders (D:2)
  7 oozes (Sewer)
  6 worms
  2 dart slugs
  7 leopard geckos
  8 orcs
  2 ball pythons (D:2)
  5 giant cockroaches
  15 goblins
  9 hobgoblins
  6 jackals
  12 bats
  7 frilled lizards
  14 kobolds
  8 rats
  A bush (D:1)
114 creatures vanquished.

Vanquished Creatures (others)
  A ball python (D:2)
  A goblin (D:2)
2 creatures vanquished.

Grand Total: 116 creatures vanquished

Notes
Turn   | Place    | Note
-------+----------+-------------------------------------------
     0 | D:1      | BritishOli the Demonspawn Gladiator began the quest for the
                  | Orb.
     0 | D:1      | Reached XP level 1. HP: 16/16 MP: 1/1
   249 | D:1      | Gained mutation: You are surrounded by a mild repulsion
                  | field. (EV +2) [demonic ancestry]
   249 | D:1      | Reached XP level 2. HP: 9/22 MP: 2/2
   559 | D:1      | Got an ancient tin amulet
   560 | D:1      | Identified the amulet "Depac" {Harm *Drain rElec rF+ rN+}
                  | (You found it on level 1 of the Dungeon)
   608 | D:1      | Reached skill level 3 in Long Blades
   745 | D:1      | Reached XP level 3. HP: 24/28 MP: 3/3
  1274 | D:2      | Noticed Robin
  1596 | D:1      | Killed Robin
  1596 | D:1      | Gained mutation: You have a pair of small antennae on your
                  | head. [demonic ancestry]
  1596 | D:1      | Reached XP level 4. HP: 31/34 MP: 4/4
  3138 | D:2      | Found a radiant altar of Vehumet.
  3529 | D:3      | Gained mutation: You have a pair of antennae on your head.
                  | [demonic ancestry]
  3529 | D:3      | Reached XP level 5. HP: 40/41 MP: 5/5
  3563 | D:3      | Found a glowing drain.
  3583 | Sewer    | Entered a sewer
  3590 | Sewer    | Reached skill level 1 in Armour
  3745 | Sewer    | Reached skill level 4 in Long Blades
  4333 | D:3      | Found a snail-covered altar of Cheibriados.
  4454 | D:3      | Found a blossoming altar of Fedhas.
  4634 | D:4      | Found a staircase to the Ecumenical Temple.
  4646 | Temple   | Entered the Ecumenical Temple
  4770 | D:4      | Noticed an ogre
  4780 | D:4      | Killed an ogre
  4780 | D:4      | Gained mutation: You are partially covered in sharp spines.
                  | [demonic ancestry]
  4780 | D:4      | Reached XP level 6. HP: 18/47 MP: 6/6
  4873 | D:4      | Slain by an ogre

Levels and vault maps discovered:
D:1:      mrwooster_arrival_statue_3, layout_basic, minmay_misc_feat_five,
          dk_noncrumbling_4, minmay_misc_feat_iff, lexackson_kobold_supper
D:2:      layout_loops_ring, fiery_altar_vehumet, first_ration, uniq_robin
D:3:      layout_basic, fedhas_ov_isle_minmay, cheibriados_altar_1,
          portal_sewer_entry_f
D:4:      layout_loops_corners, yredelemnul_altar_generic,
          minmay_temple_entry_mist, guppyfry_early_orc_mine
Temple:   nicolae_temple_figure_zero

Skill      XL: |  1  2  3  4  5 |
---------------+----------------+-----
Throwing       | 2 |  2.4
Long Blades    | 3 4 |  4.6
Dodging        | 3 |  3.2
Fighting       | 3 |  3.5
Armour         | 1 |  1.8

Action                   |  1- 3 |  4- 6 || total
-------------------------+-------+-------++-------
Melee: Long sword        |   158 |   216 ||   374
       Short sword       |    21 |       ||    21
Evoke: Wand              |       |     4 ||     4
  Use: Scroll            |       |     3 ||     3
 Stab: Sleeping          |     1 |       ||     1
  Eat: Chunk             |     2 |     4 ||     6
       Ration            |       |     2 ||     2
Armor: Leather armour    |    33 |     4 ||    37
       Scale mail        |       |   105 ||   105
Dodge: Dodged            |    93 |   180 ||   273
       Rpst.: Long sword |    22 |    51 ||    73

Table legend:
 A = Non-vault XP
 B = Vault XP
 C = Vault XP percentage of total XP
 D = Non-vault monster count
 E = Vault monster count
 F = Vault count percentage of total count
                 A         B        C        D         E       F
            +---------+---------+-------+---------+---------+-------
      Total |     289 |     148 |  33.9 |      66 |      47 |  41.6
            +---------+---------+-------+---------+---------+-------
        D:1 |      55 |      49 |  47.1 |      33 |      17 |  34.0
        D:2 |      85 |       6 |   6.6 |      22 |       3 |  12.0
        D:3 |       7 |       8 |  53.3 |       4 |       3 |  42.9
        D:4 |     142 |       0 |   0.0 |       7 |       0 |   0.0
      Sewer |       0 |      85 | 100.0 |       0 |      24 | 100.0
            +---------+---------+-------+---------+---------+-------
